 Dungeon Crawl Stone Soup version 0.22.1-1-ga44c0e56f4 (webtiles) character file.

18237 Gargoyl the Envoy of Void (level 12, -1/150 HPs)
             Began as a Centaur Abyssal Knight on Oct 10, 2018.
             Was a High Priest of Lugonu.
             Killed by divine providence
             ... invoked by a meliai
              (12 damage)
             ... on level 4 of the Lair of Beasts on Oct 11, 2018.
             The game lasted 00:28:02 (15997 turns).

Gargoyl the Envoy of Void (Centaur Abyssal Knight) Turns: 15997, Time: 00:28:03

Health: -1/150     AC: 26    Str: 18    XL:     12   Next: 25%
Magic:  25/29      EV:  1    Int: 11    God:    Lugonu [*****.]
Gold:   1434       SH:  7    Dex: 11    Spells: 11/11 levels left

rFire    . . .     SeeInvis .   a - +3 hand axe (venom)
rCold    + . .     Gourm    .   j - -2 shield of the Sun {+Blink rC+ Regen+ MP+9}
rNeg     + + +     Faith    .   (armour currently unavailable)
rPois    +         Spirit   .   (helmet currently unavailable)
rElec    .         Reflect  .   (cloak currently unavailable)
rCorr    .         Harm     .   (gloves currently unavailable)
MR       .....     NoTele   +   (no barding)
Stlth    +.........             z - amulet of regeneration
HPRegen  1.15/turn              i - +5 ring of evasion
MPRegen  0.21/turn              q - ring of positive energy

@: lethally poisoned (-1 -> -1), tree-form, studying Invocations
A: large
a: Depart the Abyss, Bend Space, Banish, Corrupt, Enter the Abyss, Renounce
Religion, Evoke Blink


You were on level 4 of the Lair of Beasts.
You worshipped Lugonu.
Lugonu was extremely pleased with you.
You were very hungry.
You were a tree.
You visited 2 branches of the dungeon, and saw 13 of its levels.
You visited the Abyss 1 time.
You also visited: Bailey.

You collected 1794 gold pieces.
You spent 360 gold pieces at shops.

Inventory:

Hand Weapons
 a - a +3 hand axe of venom (weapon)
 O - a +5 hand axe of freezing
Missiles
 L - 33 tomahawks of returning (quivered)
Armour
 d - a +2 pair of gloves (melded)
 h - a +0 plate armour (melded)
 j - the -2 shield of the Sun (worn) {+Blink rC+ Regen+ MP+9}
   (You found it on level 9 of the Dungeon)

   It protects you from cold.
   It affects your magic capacity (+9).
   It lets you blink.
   It increases your rate of regeneration.
 m - a +2 cloak (melded)
Jewellery
 i - a +5 ring of evasion (left branch)
 q - a ring of positive energy (right branch)
 r - a +5 amulet of reflection
 z - an amulet of regeneration (around neck)
Wands
 o - a wand of acid (15)
 p - a wand of polymorph (18)
 v - a wand of paralysis (18)
 w - a wand of iceblast (20)
 D - a wand of digging (18)
 E - a wand of random effects (21)
 G - a wand of flame (22)
 J - a wand of disintegration (27)
 K - a wand of clouds (4)
Scrolls
 g - a scroll of identify
 k - 6 scrolls of remove curse
 l - 12 scrolls of teleportation
 s - 5 scrolls of magic mapping
 y - a scroll of blinking
 H - 2 scrolls of amnesia
Potions
 e - 3 potions of brilliance
 f - 2 potions of might
 n - 2 potions of resistance
 t - 4 potions of lignification
 u - 4 potions of curing
 x - a potion of heal wounds
 A - a potion of cancellation
 B - a potion of invisibility {unknown}
 C - 2 potions of magic
 M - a potion of agility
Books
 F - a manual of Invocations
Comestibles
 c - 18 rations


   Skills:
 + Level 7.1 Fighting
 + Level 10.2 Axes
 + Level 0.9 Throwing
 * Level 8.9 Armour
 + Level 3.0 Dodging
 + Level 4.7 Shields
 * Level 11.6 Invocations


You had 11 spell levels left.
You didn't know any spells.
Your spell library contained the following spells:

 Spells                   Type           Power        Failure   Level  Hunger
 Animate Skeleton         Necr           N/A          65%         1    ##.....
 Apportation              Tloc           #.....       65%         1    ##.....
 Confusing Touch          Hex            #.....       65%         1    ##.....
 Summon Small Mammal      Summ           #...         65%         1    ##.....
 Call Imp                 Summ           #.......     78%         2    ###....
 Call Canine Familiar     Summ           #.......     95%         3    ####...
 Confuse                  Hex            #.......     95%         3    ####...
 Gell's Gravitas          Tloc           #.........   95%         3    ####...
 Summon Guardian Golem    Hex/Summ       #.......     95%         3    ####...
 Petrify                  Tmut/Erth      #.......     100%        4    #####..
 Summon Ice Beast         Ice/Summ       #.......     100%        4    #####..
 Summon Lightning Spire   Summ/Air       #.......     100%        4    #####..
 Metabolic Englaciation   Hex/Ice        #.........   100%        5    ######.
 Yara's Violent Unravell  Hex/Tmut       #.........   100%        5    ######.


Dungeon Overview and Level Annotations

Branches:
Dungeon (9/15)             Temple (0/1) D:7            Lair (4/6) D:9
  Swamp (0/4) Lair:3       Spider (0/4) Lair:3          Orc (0/2) D:9

Altars:
Ashenzari
Cheibriados
Fedhas
Makhleb
Nemelex Xobeh
Okawaru
Sif Muna
Vehumet
Wu Jian
Xom
Yredelemnul
Zin
The Shining One

Shops:
D:5 =   D:9 [


Innate Abilities, Weirdness & Mutations

((You have hooves in place of feet.))
((Armour fits poorly on your strangely shaped body.))
((You cover ground very quickly.))
((You have extremely tough skin. (AC +3)))


Message History

Something smites you!
* * * LOW HITPOINT WARNING * * *
You block the killer bee's attack.
You feel much better.
The killer bee stings you but does no damage.
You block the killer bee's attack. The killer bee stings you.
* * * LOW HITPOINT WARNING * * *
Press: ? - help, Shift-Dir - straight line, f - killer bee
Aim: a killer bee (moderately wounded, berserk, fast, unusually strong, chance The killer bee is devoured by a tear in reality.
Lugonu claims a new guest.
You are feeling very hungry.
You feel sick.
The meliai invokes the aid of its god against you.
Something smites you!
* * * LOW HITPOINT WARNING * * *
The killer bee stings you but does no damage.
The meliai invokes the aid of its god against you.
Something smites you!
You die...

...................†...#
#...................####
#......†#..##..#....#
#.#.....#######.....#
####..### #....##
###...# #....# #.[.###
##...# #..#.# #...#
..#### #♣### P## #y# ###
##y# ..## #yy# ...##
#.y# ....#


P.yy% ....#. #...#.yy ......# ##..##### .....#.# #.## You could see a queen bee,
2 meliai and 4 killer bees.

Vanquished Creatures
  Erolcha (D:9)
  Nergalle (Lair:3)
  Pikel (D:5)
  A black mamba (Lair:3)
  6 spiny frogs
  2 rime drakes (Lair:4)
  4 komodo dragons
  A demonic crawler (Lair:3)
  A troll (D:9)
  A meliai (Lair:4)
  2 tyrant leeches (Lair:2)
  4 hippogriffs
  A polar bear (Lair:4)
  A wyvern (Lair:4)
  20 yaks
  2 basilisks
  A steam dragon (D:8)
  A warg (D:9)
  2 insubstantial wisps (D:8)
  6 water moccasins
  3 swamp worms (Lair:3)
  Edmund (D:5)
  3 porcupines
  2 ice beasts
  4 orc warriors (Bailey)
  2 phantoms
  A necrophage (D:6)
  3 sky beasts
  3 ogres
  2 centaurs
  7 crocodiles
  8 bullfrogs
  A big kobold (D:9)
  A wyvern skeleton (D:5)
  4 scorpions
  20 killer bees
  3 wights (D:9)
  2 howler monkeys
  A bullfrog zombie (D:5)
  6 crimson imps
  A centaur zombie (D:7)
  A quasit (D:9)
  A jelly (D:7)
  2 hounds
  11 orc priests
  2 gnoll shamans
  2 orc wizards
  2 centaur skeletons (D:6)
  A bullfrog skeleton (D:9)
  Terence (D:3)
  2 iguanas (D:4)
  7 worker ants
  A hound skeleton (D:8)
  11 adders
  7 gnolls
  3 shadow imps (D:9)
  An adder zombie (D:8)
  5 worms
  3 dart slugs
  7 leopard geckos
  39 orcs
  2 ball pythons
  7 bats
  6 giant cockroaches
  5 goblins
  5 hobgoblins
  17 jackals
  21 kobolds
  5 quokkas
  4 frilled lizards
  A jackal skeleton (D:3)
  A leopard gecko skeleton (D:4)
  5 rats
  A spectral orc (D:7)
  4 fungi
330 creatures vanquished.

Vanquished Creatures (others)
  A hydra (Lair:2)
  A sky beast (D:8)
  2 slaves (D:5)
  A centaur (D:5)
  2 killer bees
  A centaur zombie (D:8)
  An adder (D:5)
  A kobold (D:9)
10 creatures vanquished.

Grand Total: 340 creatures vanquished

Notes
Turn   | Place    | Note
-------+----------+-------------------------------------------
     0 | Abyss:1  | Gargoyl the Centaur Abyssal Knight began the quest for the
                  | Orb.
     0 | Abyss:1  | Reached XP level 1. HP: 19/19 MP: 2/2
    24 | Abyss:1  | Noticed an iron imp
    55 | Abyss:1  | Noticed a yak
    64 | Abyss:1  | Noticed a large abomination
    65 | Abyss:1  | Noticed a raiju
    72 | Abyss:1  | Noticed a tentacled starspawn
    72 | Abyss:1  | Noticed a quasit
    73 | Abyss:1  | Noticed an iron imp
    76 | D:1      | Escaped the Abyss
   336 | D:1      | Reached XP level 2. HP: 24/26 MP: 3/3
   410 | D:1      | Reached * piety under Lugonu
  1149 | D:1      | Reached XP level 3. HP: 30/31 MP: 4/4
  1638 | D:2      | Reached skill level 1 in Dodging
  2051 | D:2      | Reached XP level 4. HP: 20/38 MP: 5/5
  2294 | D:2      | Found a faded altar of an unknown god.
  2383 | D:2      | Found an iron altar of Okawaru.
  2646 | D:2      | Found a glowing silver altar of Zin.
  2646 | D:2      | Found an ornate altar of the Wu Jian Council.
  3075 | D:3      | Noticed Terence
  3458 | D:2      | Reached XP level 5. HP: 36/45 MP: 7/7
  3623 | D:3      | Reached skill level 3 in Invocations
  3698 | D:3      | Killed Terence
  4052 | D:3      | Reached XP level 6. HP: 51/52 MP: 8/8
  5802 | D:3      | Reached XP level 7. HP: 50/58 MP: 9/9
  5878 | D:4      | Reached ** piety under Lugonu
  6235 | D:5      | Entered Level 5 of the Dungeon
  6489 | D:5      | Reached skill level 4 in Invocations
  7195 | D:5      | Found a shattered altar of Ashenzari.
  7292 | D:5      | Found Fenugy's Jewellery Boutique.
  7321 | D:5      | Noticed Pikel
  7369 | D:5      | Killed Pikel
  7369 | D:5      | Reached skill level 5 in Axes
  7369 | D:5      | Reached skill level 5 in Armour
  7369 | D:5      | Reached skill level 1 in Shields
  7369 | D:5      | Reached XP level 8. HP: 31/66 MP: 11/11
  7488 | D:5      | Found a glowing golden altar of the Shining One.
  7565 | D:5      | Reached skill level 5 in Invocations
  8033 | D:5      | Noticed Edmund
  8083 | D:5      | Killed Edmund
  8115 | D:5      | Reached XP level 9. HP: 60/72 MP: 13/13
  8906 | D:6      | Reached *** piety under Lugonu
  8917 | D:6      | Found a shimmering altar of Xom.
  9216 | D:5      | Bought an uncursed amulet of regeneration for 360 gold
                  | pieces
  9356 | D:6      | Got a jewelled mace
  9357 | D:6      | Identified the cursed +3 mace "Raqi Xei" {crush, -Tele rF+
                  | rC+ Dex+3} (You found it on level 6 of the Dungeon)
  9494 | D:6      | Found a blossoming altar of Fedhas.
  9495 | D:6      | Found a snail-covered altar of Cheibriados.
  9632 | D:6      | Found an iron altar of Okawaru.
  9873 | D:7      | Got a twisted war axe
  9874 | D:7      | Identified the +7 war axe of Dylylulo {distort, rC+ Stlth+}
                  | (You found it on level 7 of the Dungeon)
  9898 | D:7      | Found a sparkling altar of Nemelex Xobeh.
 10041 | D:7      | Reached skill level 6 in Invocations
 10085 | D:7      | Found a basalt altar of Yredelemnul.
 10182 | D:7      | Found a staircase to the Ecumenical Temple.
 10513 | D:8      | Found a deep blue altar of Sif Muna.
 10572 | D:8      | Reached skill level 5 in Fighting
 11125 | D:9      | Reached **** piety under Lugonu
 11135 | D:9      | Found a flagged portal.
 11148 | Bailey   | Entered a bailey
 11407 | Bailey   | Reached skill level 7 in Invocations
 11410 | Bailey   | Reached XP level 10. HP: 41/81 MP: 15/15
 11497 | Bailey   | Found a burning altar of Makhleb.
 11526 | D:9      | Found Foada's Antique Armour Boutique.
 11614 | D:9      | Found a staircase to the Lair.
 11632 | D:9      | Noticed Erolcha
 11838 | D:9      | Got a pitted shield
 11849 | D:9      | Identified the -2 shield of the Sun {+Blink rC+ Regen+
                  | MP+9} (You found it on level 9 of the Dungeon)
 11867 | D:9      | Found a staircase to the Orcish Mines.
 11879 | D:9      | Killed Erolcha
 11879 | D:9      | Reached skill level 8 in Invocations
 12328 | D:9      | Reached ***** piety under Lugonu
 12433 | D:9      | Found a radiant altar of Vehumet.
 12433 | D:9      | Found a burning altar of Makhleb.
 12578 | Lair:1   | Entered Level 1 of the Lair of Beasts
 12664 | Lair:1   | Reached skill level 9 in Invocations
 12881 | Lair:1   | Reached XP level 11. HP: 84/89 MP: 18/18
 12983 | Lair:1   | Got an ancient falchion
 12990 | Lair:1   | Identified the +9 falchion "Jehi" {freeze, Int+3} (You
                  | found it on level 1 of the Lair of Beasts)
 13323 | Lair:2   | Reached skill level 10 in Invocations
 13858 | Lair:2   | Noticed a five-headed hydra
 13866 | Lair:2   | Banished a seven-headed hydra
 14337 | Lair:3   | Noticed Nergalle
 14366 | Lair:3   | Killed Nergalle
 14477 | Lair:3   | Found a staircase to the Swamp.
 14706 | Lair:3   | Reached skill level 11 in Invocations
 14926 | Lair:3   | Found a hole to the Spider Nest.
 15449 | Lair:4   | Reached XP level 12. HP: 66/97 MP: 20/20
 15691 | Lair:4   | Reached skill level 10 in Axes
 15997 | Lair:4   | Killed from afar by a meliai

Skill      XL: |  1  2  3  4  5  6  7  8  9 10 11 12 |
---------------+-------------------------------------+-----
Axes           | 2 3 5 7 8 9 10 | 10.2
Armour         | 2 3 4 5 6 7 8 |  8.9
Dodging        | 1 2 3 |  3.0
Invocations    | 3 4 5 7 9 11 | 11.6
Fighting       | 4 5 6 7 |  7.1
Shields        | 1 2 3 4 |  4.7
Throwing       | |  0.9

Action                   |  1- 3 |  4- 6 |  7- 9 | 10-12 || total
-------------------------+-------+-------+-------+-------++-------
Melee: Hand axe          |   124 |   202 |   321 |   581 ||  1228
       Kick              |    13 |    52 |    93 |   140 ||   298
       War axe           |       |       |   107 |    61 ||   168
Throw: Tomahawk          |       |     3 |    11 |     5 ||    19
Invok: Depart the Abyss  |     1 |       |       |       ||     1
       Bend Space        |       |       |     9 |       ||     9
       Banish            |       |       |       |     2 ||     2
  Use: Scroll            |     3 |     3 |    19 |     9 ||    34
       Potion            |       |       |       |     4 ||     4
  Eat: Chunk             |     2 |     8 |    14 |    14 ||    38
       Ration            |       |     1 |       |       ||     1
Armor: Leather armour    |    70 |       |       |       ||    70
       Scale mail        |     9 |    78 |   205 |       ||   292
       Plate armour      |       |       |       |   304 ||   304
       Skin              |       |       |       |    12 ||    12
Dodge: Dodged            |    83 |   126 |   196 |   195 ||   600
Block: Shield            |       |       |   196 |   197 ||   393
